 Dungeon Crawl Stone Soup version 0.21-a0-442-g848f44b (webtiles) character file.

1279 written the Transmogrifier (level 8, -2/55 HPs)
             Began as an Octopode Transmuter on Nov 14, 2017.
             Shot with an arrow by a centaur (8 damage)
             ... on level 6 of the Dungeon.
             The game lasted 00:16:25 (7510 turns).

written the Transmogrifier (Octopode Transmuter)    Turns: 7510, Time: 00:16:26

Health: -2/55      AC:  2    Str: 10    XL:     8   Next: 54%
Magic:  4/12       EV: 20    Int: 19    God:
Gold:   138        SH:  0    Dex: 21    Spells: 6/12 levels left

rFire    . . .     SeeInvis .     - Unarmed
rCold    . . .     Gourm    .   (shield currently unavailable)
rNeg     . . .     Faith    .   (helmet currently unavailable)
rPois    x         Spirit   .   (no amulet)
rElec    .         Reflect  .   e - +3 ring of dexterity
rCorr    .         Harm     .   n - ring of flight
MR       .....                  r - +3 ring of intelligence
Stlth    ++........             (no ring)
HPRegen  0.18/turn              (no ring)
MPRegen  0.13/turn              (no ring)
                                (no ring)
                                (no ring)

@: spider-form
A: almost no armour, stealthy swim, (amphibious), 8 rings, (constrict 8)
a: End Transformation, Evoke Flight


You were on level 6 of the Dungeon.
You were not hungry.
You were a venomous arachnid creature.
You visited 1 branch of the dungeon, and saw 6 of its levels.

You collected 203 gold pieces.
You spent 65 gold pieces at shops.

Inventory:

Missiles
 a - 25 arrows
 f - 102 stones (quivered)
 q - a throwing net
Jewellery
 e - a +3 ring of dexterity (left front leg)
 n - a ring of flight (right front leg)
 r - a +3 ring of intelligence (on tentacle)
Wands
 d - a wand of iceblast (8/15)
 l - a wand of polymorph (9/24)
Scrolls
 h - a scroll of remove curse
 o - a scroll of enchant weapon
Potions
 g - a potion of magic
 p - a potion of might
 t - a potion of invisibility
Books
 b - a book of Changes

   Spells                             Type                      Level
   a - Beastly Appendage              Transmutation                1
   b - Sticks to Snakes               Transmutation                2
   c - Spider Form                    Transmutation/Poison         3
   d - Ice Form                       Ice/Transmutation            4
   e - Blade Hands                    Transmutation                5
Comestibles
 c - 3 bread rations
 i - 3 meat rations
 j - 5 fruits
 k - 4 royal jellies
 s - 4 chunks of flesh


   Skills:
 + Level 5.1 Fighting
 - Level 2.0 Dodging
 - Level 3.0 Unarmed Combat
 - Level 2.9 Spellcasting
 * Level 8.5 Transmutations


You had 6 spell levels left.
You knew the following spells:

 Your Spells              Type           Power        Failure   Level  Hunger
a - Beastly Appendage     Tmut           #####.       3%          1    None
b - Sticks to Snakes      Tmut           #####...     4%          2    ##.....
c - Spider Form           Tmut/Pois      ###.......   21%         3    ###....


Dungeon Overview and Level Annotations

Branches:
Dungeon (6/15)             Temple (0/1) D:4

Altars:

Shops:
D:5 !

Annotations:
D:4 noless's ghost, novice TrMo


Innate Abilities, Weirdness & Mutations

You cannot wear most types of armour.
You are very stealthy in the water. (Stealth+)
((You are amphibious.))
You can wear up to eight rings at the same time.
((You can use your tentacles to constrict eight enemies at once.))
((Your skin changes colour to match your surroundings (Stealth+).))
((Your rubbery body absorbs attacks. (AC +1, EV +1)))


Message History

Your adder bites the orc wizard. x2
The orc wizard hits your adder with a dagger.
The centaur shoots an arrow.
The arrow hits you!
* * * LOW HITPOINT WARNING * * *
You see here an arrow.
Casting: Spider Form
Confirm with . or Enter, or press ? or * to list all spells.
Okay, then.
Casting: Spider Form
Confirm with . or Enter, or press ? or * to list all spells.
You create a snake!
You now have 25 arrows.
Your adder bites the orc wizard.
The orc wizard is poisoned.
Your adder poisons the orc wizard!
Your adder closely misses the orc wizard.
The centaur shoots an arrow.
The arrow hits you!
* * * LOW HITPOINT WARNING * * *
The orc wizard gestures at your adder while chanting.
The puff of flame hits your adder.
Your adder dies!
The centaur shoots an arrow.
The arrow hits you!
You die...

.....###...... .#...## #...#..
.#....###.....########
)#......#.....##..... .
.#...##.#..........## #####... #
<...###.#...........####o........
...## #.#.<.......)....c.### .c.
...####........)..%(..)....##....
.....)###.....?.s.S...(......oo..
...##.............(...S.o..##{...
...#######.................# ...
#.(# ####..............# ..
#..#### #####............. o
.รท....# #............. ......#
#..........#### ......#
############ ......#


You could see a centaur and 2 friendly adders.

Vanquished Creatures
  An ice beast (D:5)
  An ogre (D:5)
  A centaur (D:6)
  A scorpion (D:3)
  A water moccasin skeleton (D:4)
  A howler monkey (D:6)
  2 crimson imps
  A bullfrog skeleton (D:6)
  6 orc wizards
  2 orc priests
  3 worker ants
  Robin (D:3)
  9 gnolls
  4 adders
  An adder skeleton (D:3)
  3 worms
  2 dart slugs (D:3)
  5 leopard geckos
  19 orcs
  6 bats
  7 giant cockroaches
  13 hobgoblins
  13 jackals
  4 kobolds
  3 quokkas
  7 ball pythons
  8 frilled lizards
  19 goblins
  A leopard gecko skeleton (D:6)
  9 rats
154 creatures vanquished.

Vanquished Creatures (collateral kills)
  An orc warrior (D:5)
  2 ogres
  An orc priest (D:5)
  A worker ant (D:5)
  A gnoll (D:3)
  2 orcs (D:5)
8 creatures vanquished.

Vanquished Creatures (others)
  A fungus (D:3)
1 creature vanquished.

Grand Total: 163 creatures vanquished

Notes
Turn   | Place    | Note
-------+----------+-------------------------------------------
     0 | D:1      | written the Octopode Transmuter began the quest for the Orb.
     0 | D:1      | Reached XP level 1. HP: 13/13 MP: 3/3
   438 | D:1      | Reached XP level 2. HP: 18/18 MP: 3/5
   455 | D:1      | Learned a level 2 spell: Sticks to Snakes
   882 | D:1      | Reached skill level 3 in Transmutations
   882 | D:1      | Reached XP level 3. HP: 19/23 MP: 4/6
   895 | D:1      | Learned a level 3 spell: Spider Form
  1355 | D:2      | Reached XP level 4. HP: 28/28 MP: 4/8
  2125 | D:3      | Reached skill level 4 in Transmutations
  2264 | D:3      | Reached XP level 5. HP: 27/33 MP: 6/9
  3146 | D:3      | Reached skill level 5 in Transmutations
  3168 | D:3      | Reached XP level 6. HP: 40/40 MP: 10/10
  3345 | D:3      | Noticed Robin
  3371 | D:3      | Killed Robin
  3983 | D:4      | Noticed noless's ghost (novice TrMo)
  4240 | D:4      | Found a staircase to the Ecumenical Temple.
  4290 | D:4      | Reached skill level 6 in Transmutations
  4420 | D:5      | Entered Level 5 of the Dungeon
  4436 | D:5      | Reached XP level 7. HP: 41/46 MP: 8/11
  5185 | D:5      | Reached skill level 7 in Transmutations
  5610 | D:5      | Found Jebroak's Distillery.
  5618 | D:5      | Bought a potion of heal wounds for 65 gold pieces
  6394 | D:5      | Reached XP level 8. HP: 33/54 MP: 2/12
  6953 | D:6      | Reached skill level 8 in Transmutations
  7438 | D:6      | Reached skill level 5 in Fighting
  7510 | D:6      | Shot with an arrow by a centaur

Vault maps used:
D:1:      saegor_arrival_simple_f, st_stairs_11, kennysheep_minor_cross
D:3:      first_bread, minmay_shallow_snake_nest, uniq_robin
D:4:      minmay_temple_entry_junction
D:5:      serial_shops, nicolae_shop_waterfront, nrook_loot_triangle
D:6:      lemuel_upstairs_altar, chequers_temple_overflow_minitemple

Skill      XL: |  1  2  3  4  5  6  7  8 |
---------------+-------------------------+-----
Transmutations | 3 4 5 6 7 8 |  8.5
Fighting       | 2 3 4 5 |  5.1
Dodging        | |  2.0
Unarmed Combat | |  3.0
Spellcasting   | |  2.9

Action                   |  1- 3 |  4- 6 |  7- 9 || total
-------------------------+-------+-------+-------++-------
Melee: Unarmed           |    77 |   227 |   138 ||   442
       Constrict         |    16 |     9 |     5 ||    30
       Tentacles         |     7 |     5 |     5 ||    17
       Kick              |     4 |       |       ||     4
Throw: Stone             |     5 |    13 |       ||    18
 Cast: Beastly Appendage |    11 |       |       ||    11
       Spider Form       |     5 |    35 |    21 ||    61
       Sticks to Snakes  |       |     1 |    16 ||    17
  Use: Potion            |     1 |     5 |     3 ||     9
       Scroll            |       |     9 |     5 ||    14
 Stab: Sleeping          |       |     3 |       ||     3
  Eat: Chunk             |     2 |     7 |     6 ||    15
       Bread ration      |       |     2 |     1 ||     3
Armor: Skin              |    13 |    40 |     9 ||    62
Dodge: Dodged            |    55 |   289 |   198 ||   542

Table legend:
 A = Spawn XP
 B = Non-spawn XP
 C = Spawn XP percentage of total XP
 D = Spawn monster count
 E = Non-spawn monster count
 F = Spawn count percentage of total count
 G = Total turns spent on level
                    A         B        C        D         E        F      G
               +---------+---------+-------+---------+---------+-------+---------
         Total |       0 |    1828 |   0.0 |       0 |     162 |   0.0 |  7510
               +---------+---------+-------+---------+---------+-------+---------
           D:1 |       0 |      51 |   0.0 |       0 |      24 |   0.0 |  1188
           D:2 |       0 |      52 |   0.0 |       0 |      23 |   0.0 |  1126
           D:3 |       0 |     377 |   0.0 |       0 |      59 |   0.0 |  1691
           D:4 |       0 |     130 |   0.0 |       0 |      15 |   0.0 |   488
           D:5 |       0 |     779 |   0.0 |       0 |      30 |   0.0 |  2591
           D:6 |       0 |     439 |   0.0 |       0 |      11 |   0.0 |   426
               +---------+---------+-------+---------+---------+-------+---------
